 Dungeon Crawl Stone Soup version 0.29.1-14-g9c671dbff4 (webtiles) character file.

Game seed: 2046496611189165160

291 sanboga the Shield-Bearer (level 6, -4/39 HPs)
             Began as a Gargoyle Fighter on Feb 16, 2023.
             Slain by a yak (13 damage)
             ... on level 6 of the Dungeon.
             The game lasted 00:03:38 (3040 turns).

sanboga the Shield-Bearer (Gargoyle Fighter)        Turns: 3040, Time: 00:03:38

Health: -4/39      AC: 16    Str: 22    XL:     6   Next: 32%
Magic:  6/6        EV:  6    Int:  8    God:
Gold:   211        SH:  4    Dex:  9    Spells: 5/5 levels left

rFire   . . .      SeeInvis .   a - +0 war axe
rCold   . . .      Faith    .   c - +0 buckler
rNeg    + . .      Spirit   .   j - +0 plate armour
rPois   ∞          Reflect  .   (no helmet)
rElec   +          Harm     .   (no cloak)
rCorr   .          Rampage  .   (no gloves)
Will    .....                   (no boots)
Stlth   ..........              (no amulet)
HPRegen 0.13/turn               (no ring)
MPRegen 0.10/turn               (no ring)

@: mighty, weak-willed
A: sickness immunity, AC +4, negative energy resistance 1, electricity
resistance, torment resistance 1, petrification resistance
a: no special abilities


You were on level 6 of the Dungeon.
You visited 1 branch of the dungeon, and saw 6 of its levels.

You collected 211 gold pieces.

Inventory:

Hand Weapons
 a - a +0 war axe (weapon)
Armour
 c - a +0 buckler (worn)
 j - a +0 plate armour (worn)
Scrolls
 h - a scroll of silence
 i - 2 scrolls of identify
Potions
 e - a potion of lignification {unknown}
 f - 2 potions of heal wounds {unknown}
 k - a potion of berserk rage {unknown}
 l - a potion of degeneration {unknown}
 m - a potion of curing {unknown}
 n - 2 potions of resistance {unknown}
 o - a potion of invisibility {unknown}
 p - a potion of cancellation {unknown}


   Skills:
 + Level 4.4 Fighting
 * Level 3.9 Axes
 + Level 4.4 Armour
 + Level 4.4 Shields


You had 5 spell levels left.
You didn't know any spells.
Your spell library was empty.

Dungeon Overview and Level Annotations

Branches:
Dungeon (7/15)
 Temple: D:4-7

Altars:
Elyvilon
Yredelemnul


Innate Abilities, Weirdness & Mutations

You are immune to sickness and miasma.
Your stone body is resilient. (AC +4)
You are immune to poison.
You resist negative energy. (rN+)
You are resistant to electric shocks. (rElec)
You are resistant to unholy torment.
You are immune to petrification.


Message History

It is a scroll of identify.
h - a scroll of silence
As you read the scroll labelled POAWNALIHA, it crumbles to dust.
Magic quickly surges around you.
It was a scroll of vulnerability.
As you read the scroll labelled OHANAZ HOFIRI, it crumbles to dust.
Your body is wracked with pain!
The black bear convulses!
The yak convulses! x4
It was a scroll of torment.
You feel very mighty all of a sudden. The yak gores you.
You slash the yak!
The yak is severely wounded.
You barely miss the yak. The yak barely misses you.
You slash the yak!
The yak is almost dead.
You hit the yak. You slash the black bear! You slash the yak!
The black bear goes berserk!
The yak gores you. The yak gores you but does no damage.
You block the yak's attack.
You slash the yak!
The yak is almost dead.
You slash the black bear! You hit the yak but do no damage. You slash the yak!
You kill the yak!
The black bear bites you.
The black bear claws you but does no damage.
You block the black bear's attack. The yak barely misses you.
The yak gores you but does no damage.
The black bear bites you but does no damage.
The black bear claws you but does no damage. x2
The yak gores you but does no damage.
You have reached level 6!
You barely miss the black bear.
The black bear is almost dead.
You barely miss the yak. You slash the yak! You hit the yak.
You kill the yak!
The black bear bites you.
The black bear claws you but does no damage. x2
The black bear bites you but does no damage.
The black bear claws you.
* * * LOW HITPOINT WARNING * * *
The black bear barely misses you. The yak gores you!
You die...

#...###.^..##
#....#......#
####...........#
#.......†.....##
.............##
#.##....#####
###..##
#8###8#Y..#
......Y@..#
......h†...#
<..........#
............#
............#
.....#..#####
....##.## ....
##


You could see 2 yaks and a black bear (berserk, weak-willed).

Vanquished Creatures
  2 yaks (D:6)
  A scorpion (D:6)
  2 adders
  A white imp (D:7)
  A dart slug (D:2)
  6 orcs
  5 ball pythons
  4 bats
  7 endoplasms
  A giant cockroach (D:1)
  4 goblins (D:1)
  2 hobgoblins (D:1)
  5 quokkas
  3 frilled lizards (D:1)
  8 kobolds
  4 rats
56 creatures vanquished.

Notes
Turn   | Place    | Note
-------+----------+-------------------------------------------
     0 | D:1      | sanboga the Gargoyle Fighter began the quest for the Orb.
     0 | D:1      | Reached XP level 1. HP: 14/14 MP: 1/1
   157 | D:1      | Reached XP level 2. HP: 19/19 MP: 2/2
   830 | D:2      | Reached XP level 3. HP: 23/23 MP: 3/3
  2093 | D:3      | Reached XP level 4. HP: 29/29 MP: 4/4
  2159 | D:3      | Found a white marble altar of Elyvilon.
  2784 | D:3      | Found a basalt altar of Yredelemnul.
  2902 | D:4      | You fall into a shaft and drop 3 floors!
  3023 | D:6      | Noticed a scorpion
  3028 | D:6      | Killed a scorpion
  3029 | D:6      | Reached XP level 5. HP: 33/33 MP: 5/5
  3030 | D:6      | Noticed a yak
  3031 | D:6      | Noticed a yak
  3031 | D:6      | Noticed a yak
  3031 | D:6      | Noticed a yak
  3031 | D:6      | Noticed a black bear
  3039 | D:6      | Killed a yak
  3040 | D:6      | Reached XP level 6. HP: 20/39 MP: 6/6
  3040 | D:6      | Killed a yak
  3040 | D:6      | Slain by a yak

Illustrated notes

Levels and vault maps discovered:
D:1:      lemuel_arrival_river_ford, layout_loops_ring, roderic_malta_cross,
          minmay_misc_feat_roman
D:2:      layout_loops_corners
D:3:      layout_loops_corners, kennysheep_ying_yang
D:4:      layout_basic
D:6:      layout_cave_pools, minmay_temple_entry_arrows,
          chequers_hall_statues_corner_a
D:7:      layout_loops_corners, nicolae_tso_swordbearing_angel,
          mrwooster_statue_mirror, minmay_misc_feat_doors,
          chequers_serial_rivers_micro_b

Skill      XL: |  1  2  3  4 |
---------------+-------------+-----
Axes           | 2 3 |  3.9
Fighting       | 4 |  4.4
Armour         | 4 |  4.4
Shields        | 4 |  4.4

Action                   |  1- 3 |  4- 6 || total
-------------------------+-------+-------++-------
Melee: War axe           |    95 |    41 ||   136
  Use: Scroll            |       |     3 ||     3
       Potion            |       |     1 ||     1
Armor: Scale mail        |    16 |       ||    16
       Plate armour      |    43 |    28 ||    71
Dodge: Dodged            |    37 |    16 ||    53
Block: Buckler           |    26 |    10 ||    36
